 Dungeon Crawl Stone Soup version 0.29.0-11-gd7f09526c8 (webtiles) character file.

Game seed: 662871819736814960

13511 leavemydog the Thaumaturge (level 11, -2/59 HPs)
             Began as a Deep Elf Conjurer on Sept 3, 2022.
             Was a Priest of Vehumet.
             Slain by a boulder beetle (54 damage)
             ... on level 11 of the Dungeon.
             The game lasted 00:28:20 (14565 turns).

leavemydog the Thaumaturge (Deep Elf Conjurer)     Turns: 14565, Time: 00:28:23

Health: -2/59      AC:  8    Str:  4    XL:     11   Next: 76%
Magic:  27/31      EV: 12    Int: 37    God:    Vehumet [***...]
Gold:   792        SH:  0    Dex: 13    Spells: 25/39 levels left

rFire   . . .      SeeInvis .   x - staff of earth
rCold   . . .      Faith    .   (no shield)
rNeg    . . .      Spirit   .   F - +0 steam dragon scales
rPois   +          Reflect  .   z - +2 hat {Int+3}
rElec   .          Harm     .   p - +0 cloak
rCorr   .          Rampage  .   (no gloves)
Will    +....      Rage     3%  (no boots)
Stlth   ++........              r - amulet of regeneration
HPRegen 0.99/turn               B - +6 ring of intelligence
MPRegen 0.22/turn               m - ring of poison resistance

@: no status effects
A: horns 1, berserk 1
a: Renounce Religion


You were on level 11 of the Dungeon.
You worshipped Vehumet.
Vehumet was most pleased with you.
You visited 2 branches of the dungeon, and saw 12 of its levels.

You collected 834 gold pieces.
You spent 42 gold pieces at shops.

Inventory:

Hand Weapons
 q - a +2 hammer of protection
Armour
 p - a +0 cloak (worn)
 z - a +2 hat of intelligence (worn)
 F - +0 steam dragon scales (worn)
Magical Staves
 x - a staff of earth (weapon)
 J - a staff of air
Jewellery
 c - a ring of resist corrosion
 m - a ring of poison resistance (right hand)
 r - an amulet of regeneration (around neck)
 B - a +6 ring of intelligence (left hand)
Wands
 a - a wand of charming (3)
 u - a wand of acid (21)
 y - a wand of digging (2)
 D - a wand of roots (12)
Scrolls
 g - 3 scrolls of poison
 i - 5 scrolls of enchant weapon
 k - 2 scrolls of teleportation
 l - 2 scrolls of vulnerability
 n - a scroll of torment {unknown}
 s - a scroll of butterflies {unknown}
 v - a scroll of fear {unknown}
 A - 2 scrolls of noise
 G - 2 scrolls of enchant armour {unknown}
 H - a scroll of brand weapon {unknown}
 I - a scroll of identify
 K - a scroll of blinking {unknown}
Potions
 b - 3 potions of magic
 d - 3 potions of invisibility {unknown}
 e - a potion of resistance {unknown}
 f - 3 potions of lignification
 h - 2 potions of curing
 j - a potion of ambrosia {unknown}
 o - 2 potions of attraction {unknown}
 t - 2 potions of heal wounds
 w - 2 potions of might {unknown}
 C - a potion of flight {unknown}
 E - a potion of brilliance {unknown}


   Skills:
 * Level 2.8 Fighting
 - Level 2.4 Dodging
 - Level 2.4 Stealth
 + Level 14.5 Spellcasting
 + Level 12.7 Conjurations
 * Level 4.7 Hexes
 - Level 7.5 Translocations
 - Level 7.4 Earth Magic


You had 25 spell levels left.
You knew the following spells:

 Your Spells              Type           Power      Damage    Failure   Level
a - Magic Dart            Conj           100%       1d8       0%          1
b - Searing Ray           Conj           100%       2d8       0%          2
c - Iskenderun's Mystic   Conj/Tloc      80%        2d16      1%          4
d - Stone Arrow           Conj/Erth      100%       3d13      1%          3
e - Fulminant Prism       Conj/Hex       37%        3d18      1%          4

Your spell library contained the following spells:

 Spells                   Type           Power      Damage    Failure   Level
 Poisonous Vapours        Pois/Air       52%        N/A       1%          2
 Sandblast                Erth           100%       2d20      1%          1
 Passwall                 Tmut/Erth      57%        N/A       1%          2
 Dazzling Flash           Conj/Hex       100%       N/A       1%          3
 Portal Projectile        Hex/Tloc       100%       N/A       1%          3
 Leda's Liquefaction      Hex/Erth       41%        N/A       1%          4
 Call Canine Familiar     Summ           26%        N/A       4%          3
 Borgnjor's Vile Clutch   Necr/Erth      34%        N/A       9%          5
 Summon Forest            Summ/Tloc      26%        N/A       9%          5
 Animate Dead             Necr           26%        N/A       14%         4
 Eringya's Noxious Bog    Tmut/Pois      13%        N/A       45%         6
 Death Channel            Necr           13%        N/A       91%         6
 Summon Hydra             Summ           13%        N/A       100%        7


Dungeon Overview and Level Annotations

Branches:
Dungeon (11/15)            Temple (1/1) D:6            Lair (0/5) D:9
    Orc (0/2) D:11

Altars:
Ashenzari
Cheibriados
Dithmenos
Elyvilon
Fedhas
Gozag
Hepliaklqana
Kikubaaqudgha
Makhleb
Nemelex Xobeh
Okawaru
Qazlal
Ru
Sif Muna
Trog
Uskayaw
Vehumet
Wu Jian
Xom
Yredelemnul
Zin
The Shining One
Lugonu

Shops:
D:10 ?((!


Innate Abilities, Weirdness & Mutations

You have a pair of small horns on your head.
You sometimes lose your temper in combat.


Message History

Confirm with . or Enter, or press ? or * to list all spells.
You erupt in a blast of force!
The mystic blast hits the boulder beetle!!
The boulder beetle is moderately wounded.
The boulder beetle is knocked back by the mystic blast.
The seven-headed hydra attacks as you move away!
The seven-headed hydra bites you. x2
The seven-headed hydra closely misses you.
The seven-headed hydra barely misses you.
The seven-headed hydra misses you. The seven-headed hydra bites you. x2
Casting: Iskenderun's Mystic Blast (safe; 1% risk of failure)
Confirm with . or Enter, or press ? or * to list all spells.
You erupt in a blast of force!
The mystic blast hits the seven-headed hydra!!
The seven-headed hydra is moderately wounded.
The seven-headed hydra is knocked back by the mystic blast.
The seven-headed hydra slams into the rock wall!
The seven-headed hydra is heavily wounded.
Casting: Iskenderun's Mystic Blast (safe; 1% risk of failure)
Confirm with . or Enter, or press ? or * to list all spells.
Okay, then.
Casting: Iskenderun's Mystic Blast (safe; 1% risk of failure)
Confirm with . or Enter, or press ? or * to list all spells.
You erupt in a blast of force!
The mystic blast hits the boulder beetle!
The boulder beetle is heavily wounded.
The boulder beetle is knocked back by the mystic blast.
The boulder beetle collides with the seven-headed hydra!
The seven-headed hydra is heavily wounded.
Unknown command.
Magic courses through your body.
The boulder beetle curls into a ball and begins rolling!
Casting: Iskenderun's Mystic Blast (safe; 1% risk of failure)
Confirm with . or Enter, or press ? or * to list all spells.
You erupt in a blast of force!
The mystic blast hits the boulder beetle but does no damage.
The boulder beetle is moderately wounded.
The boulder beetle hits you!!!
Ouch! That really hurt!
You die...

#######..........#.....#
.................##....#
.................##....#
.......).).......##....#
..........#########....#
..........# #....#
..........# #....#
#######.#.# ##.#.. #@#.#
######...# #B#.#
#........# ####D#.#
#.......## #....#..
#......... #B######
#......... #...>D....
#......... #...####..
+......... #...#
#......... #...#
#.........


You could see a boulder beetle (rolling) and a seven-headed hydra.

Vanquished Creatures
  Gastronok (D:8)
  The ghost of Ashen the Ogre Mage, a novice OgIE (D:4)
  A two-headed ogre (D:10)
  Amaemon (D:8)
  Pikel (D:5)
  A cyclops (D:11)
  Maurice (D:8)
  A gargoyle (D:11)
  An orange demon (D:8)
  2 unseen horrors (D:11)
  Psyche (D:8)
  3 trolls
  Prince Ribbit (D:8)
  Sigmund (D:5)
  2 shadows
  2 wraiths
  2 vampires (D:10)
  Eustachio (D:6)
  A wyvern (D:9)
  A steam dragon (D:9)
  3 yaks (D:10)
  Menkaure (D:7)
  5 orc warriors
  2 water moccasins
  3 sky beasts
  2 ice beasts
  2 wolves (D:9)
  2 ogres
  A lemure (D:5)
  2 centaurs (D:8)
  A phantom (D:5)
  4 kobold brigands
  A bullfrog (D:7)
  A necrophage (D:6)
  2 gnoll sergeants
  5 scorpions
  13 wights
  15 killer bees
  4 electric eels (D:9)
  4 howler monkeys
  2 quasits (D:7)
  8 hounds
  2 jellies
  4 orc priests
  2 gnoll boudas
  Crazy Yiuf (D:3)
  3 iguanas
  6 orc wizards
  12 adders
  18 gnolls
  5 shadow imps (D:7)
  7 white imps
  6 ufetubi
  2 dart slugs
  33 orcs
  5 ball pythons
  4 endoplasms
  2 giant cockroaches (D:4)
  6 goblins
  8 hobgoblins
  3 jackals (D:4)
  28 kobolds
  6 quokkas
  3 bats
  2 frilled lizards
277 creatures vanquished.

Vanquished Creatures (others)
  A wizard (D:5)
  A kobold (D:9)
  12 demonic plants (D:7)
  4 fulminant prisms
  8 plants (D:3)
26 creatures vanquished.

Grand Total: 303 creatures vanquished

Notes
Turn   | Place    | Note
-------+----------+-------------------------------------------
     0 | D:1      | leavemydog the Deep Elf Conjurer began the quest for the
                  | Orb.
     0 | D:1      | Reached XP level 1. HP: 10/10 MP: 6/6
   330 | D:1      | Reached XP level 2. HP: 15/15 MP: 6/8
   333 | D:1      | Learned a level 2 spell: Searing Ray
   389 | D:1      | Reached skill level 5 in Conjurations
   605 | D:1      | Found a faded altar of an unknown god.
  1225 | D:2      | Reached XP level 3. HP: 19/19 MP: 4/9
  1742 | D:3      | Reached XP level 4. HP: 24/24 MP: 4/11
  2167 | D:3      | Learned a level 4 spell: Iskenderun's Mystic Blast
  2250 | D:3      | Found a runed translucent door.
  2251 | D:3      | Noticed Crazy Yiuf
  2258 | D:3      | Killed Crazy Yiuf
  2259 | D:3      | Reached skill level 4 in Spellcasting
  2507 | D:3      | Reached skill level 1 in Translocations
  2507 | D:3      | Reached XP level 5. HP: 21/28 MP: 3/13
  2755 | D:3      | Learned a level 3 spell: Stone Arrow
  3229 | D:4      | Noticed an ogre
  3233 | D:4      | Killed an ogre
  3234 | D:4      | Reached skill level 1 in Earth Magic
  3333 | D:4      | Found a glowing golden altar of the Shining One.
  3350 | D:4      | Reached XP level 6. HP: 32/32 MP: 9/15
  3395 | D:4      | Reached skill level 5 in Spellcasting
  3666 | D:4      | Found an iron altar of Okawaru.
  3755 | D:4      | Found a white marble altar of Elyvilon.
  3990 | D:5      | Entered Level 5 of the Dungeon
  4253 | D:5      | Found a runed translucent door.
  4257 | D:5      | Noticed Ashen's ghost (novice OgIE)
  4266 | D:5      | Reached skill level 6 in Spellcasting
  4266 | D:5      | Reached XP level 7. HP: 36/36 MP: 10/18
  4635 | D:5      | Found a blossoming altar of Fedhas.
  4783 | D:5      | Noticed Pikel
  4787 | D:5      | Killed Pikel
  4788 | D:5      | Reached skill level 7 in Spellcasting
  4788 | D:5      | Reached XP level 8. HP: 37/41 MP: 6/21
  4813 | D:5      | Noticed Sigmund
  4818 | D:5      | Killed Sigmund
  4947 | D:5      | Reached skill level 8 in Spellcasting
  5020 | D:5      | Found a bloodstained altar of Trog.
  5021 | D:5      | Noticed a wizard
  5026 | D:5      | Killed a wizard
  5249 | D:5      | Found a hazy altar of Hepliaklqana.
  5329 | D:4      | Killed Ashen's ghost
  5330 | D:4      | Reached skill level 9 in Spellcasting
  5330 | D:4      | Reached XP level 9. HP: 8/45 MP: 5/24
  5761 | D:6      | Noticed Eustachio
  5768 | D:6      | Killed Eustachio
  5789 | D:6      | Reached skill level 5 in Translocations
  5997 | D:6      | Found a staircase to the Ecumenical Temple.
  6001 | D:6      | Gained mutation: You are partially covered in iridescent
                  | scales. (AC +2) [potion of mutation]
  6001 | D:6      | Gained mutation: Your body sometimes deteriorates upon
                  | taking damage. [potion of mutation]
  6001 | D:6      | Gained mutation: Your flesh is heat resistant. (rF+)
                  | [potion of mutation]
  6173 | D:6      | Found a sacrificial altar of Ru.
  6360 | D:6      | Reached skill level 5 in Earth Magic
  6364 | D:6      | Reached skill level 10 in Spellcasting
  6561 | D:6      | Reached skill level 10 in Conjurations
  7452 | Temple   | Entered the Ecumenical Temple
  7557 | Temple   | Became a worshipper of Vehumet
  8087 | D:7      | Noticed Menkaure
  8187 | D:7      | Reached * piety under Vehumet
  8187 | D:7      | Offered knowledge of Shock by Vehumet.
  8446 | D:7      | Reached skill level 11 in Spellcasting
  8603 | D:7      | Killed Menkaure
  8604 | D:7      | Reached XP level 10. HP: 50/50 MP: 17/27
  9198 | D:7      | Found an opulent altar of Gozag.
  9283 | D:7      | Lost mutation: Your body sometimes deteriorates upon taking
                  | damage. [potion of mutation]
  9283 | D:7      | Lost mutation: Your flesh is heat resistant. (rF+) [potion
                  | of mutation]
  9283 | D:7      | Lost mutation: You are partially covered in iridescent
                  | scales. (AC +2) [potion of mutation]
  9283 | D:7      | Gained mutation: You sometimes lose your temper in combat.
                  | [potion of mutation]
  9283 | D:7      | Gained mutation: You have a pair of small horns on your
                  | head. [potion of mutation]
  9741 | D:8      | Found a sand-covered staircase.
  9825 | D:8      | Noticed Gastronok
  9825 | D:8      | Noticed Prince Ribbit
  9858 | D:8      | Killed Gastronok
  9859 | D:8      | Reached skill level 12 in Spellcasting
  9994 | D:8      | Killed Prince Ribbit
 10358 | D:8      | Noticed an orange demon
 10381 | D:8      | Killed an orange demon
 10381 | D:8      | Offered knowledge of Foxfire by Vehumet.
 10467 | D:8      | Noticed Amaemon
 10476 | D:8      | Killed Amaemon
 10476 | D:8      | Reached ** piety under Vehumet
 10620 | D:8      | Noticed Maurice
 10625 | D:8      | Killed Maurice
 10742 | D:8      | Learned a level 4 spell: Fulminant Prism
 10816 | D:8      | Noticed Psyche
 10823 | D:8      | Killed Psyche
 10824 | D:8      | Reached skill level 13 in Spellcasting
 10824 | D:8      | Reached XP level 11. HP: 54/54 MP: 14/30
 11057 | D:8      | Found a hide-covered altar of Uskayaw.
 11062 | D:8      | Reached skill level 1 in Hexes
 11133 | D:9      | Found a glowing silver altar of Zin.
 11313 | D:9      | Reached skill level 1 in Fighting
 11633 | D:9      | Found a stormy altar of Qazlal.
 11673 | D:9      | Found a shadowy altar of Dithmenos.
 11864 | D:9      | Found a staircase to the Lair.
 12191 | D:10     | Entered Level 10 of the Dungeon
 12198 | D:10     | Found Nome's Antique Weapon Shoppe.
 12549 | D:10     | Offered knowledge of Poisonous Vapours by Vehumet.
 12692 | D:10     | Found Tufid's Magic Scroll Emporium.
 12697 | D:10     | Bought a scroll of identify for 28 gold pieces
 12697 | D:10     | Bought a scroll of noise for 14 gold pieces
 12804 | D:10     | Noticed a two-headed ogre
 12808 | D:10     | Killed a two-headed ogre
 12903 | D:10     | Found Neenum's Weapon Shop.
 13138 | D:10     | Found Bivvogimi's Distillery.
 13256 | D:10     | Found a shimmering blue altar of Sif Muna.
 13382 | D:11     | Reached skill level 14 in Spellcasting
 13472 | D:11     | Found a staircase to the Orcish Mines.
 13482 | D:11     | Reached *** piety under Vehumet
 14551 | D:11     | Noticed a boulder beetle
 14553 | D:11     | Noticed a seven-headed hydra
 14565 | D:11     | Slain by a boulder beetle

Illustrated notes

Levels and vault maps discovered:
D:1:      lemuel_arrival_lava_pool, layout_rooms, basic_ecumenical_altar,
          roderic_serpentine_path
D:2:      layout_loops_ring, serial_glass, glass_columns_a, glass_columns_c,
          minmay_strange_pillars, grunt_decor_mini_mirrors
D:3:      layout_loops_ring, chequers_big_river, uniq_crazy_yiuf_cottage
D:4:      minmay_angry_zag, layout_cave_pools, kennysheep_little_box,
          chequers_temple_overflow_statue_of_worship
D:5:      layout_basic, nicolae_hepliaklqana_hippocampus,
          mainiacjoe_overflow_alcove_1, trog_wizard, ebering_ghost_sewer_d,
          kennysheep_windowed_goal, uniq_pikel, uniq_sigmund
D:6:      layout_layer_cave, overflow_temple_1_default, temple_pool_b,
          uniq_eustachio
D:7:      layout_basic, grunt_gozag_breadcrumbs, serial_demonic,
          serial_demonic_d, serial_demonic_b, serial_demonic_f,
          serial_demonic_c, serial_demonic_a, serial_demonic_b, uniq_menkaure
D:8:      layout_basic, nicolae_uskayaw_dance_studio,
          nicolae_ossuary_entry_false_entrances, uniq_maurice, uniq_gastronok,
          uniq_amaemon, uniq_prince_ribbit1, uniq_psyche
D:9:      layout_irregular_city, zin_statuary, nicolae_qazlal_scattered_showers,
          nicolae_dithmenos_shadow_blocks, erik_lair_island,
          serial_column_ruins, column_ruins_hut_water, column_ruins_hut_ruined,
          column_ruins_open_small, column_ruins_grid_1, column_ruins_grid_1,
          column_ruins_grid_1, column_ruins_open_medium,
          column_ruins_open_small, hex_medium
D:10:     layout_irregular_city, nicolae_sif_muna_little_library, serial_shops,
          shop, shop, nicolae_shop_hallway_plus, nicolae_shop_hallway_plus,
          minmay_misc_feat_enclosed, minmay_fractal_squares_diagonal_5
D:11:     layout_basic, minmay_orc_entry_temple_small, dreamdust_wishing_well
Temple:   kb_corrupted_temple

Skill      XL: |  1  2  3  4  5  6  7  8  9 10 11 |
---------------+----------------------------------+-----
Conjurations   | 5 6 7 8 9 10 11 12 | 12.7
Spellcasting   | 4 6 7 9 11 13 14 | 14.5
Translocations | 1 2 3 4 6 7 |  7.5
Earth Magic    | 1 2 3 4 6 7 |  7.4
Hexes          | 4 |  4.7
Fighting       | 2 |  2.8
Dodging        | |  2.4
Stealth        | |  2.4

Action                   |  1- 3 |  4- 6 |  7- 9 | 10-12 || total
-------------------------+-------+-------+-------+-------++-------
Melee: Staff             |       |       |     2 |     1 ||     3
       Headbutt          |       |       |       |     1 ||     1
 Cast: Magic Dart        |    66 |    92 |   151 |   181 ||   490
       Searing Ray       |       |     8 |    19 |    13 ||    40
       Stone Arrow       |       |     4 |    43 |    93 ||   140
       Iskenderun's Myst |       |       |    10 |    25 ||    35
       Fulminant Prism   |       |       |       |     4 ||     4
  Use: Scroll            |       |       |     5 |     4 ||     9
       Potion            |       |       |     4 |     3 ||     7
Armor: Robe              |     3 |     2 |    15 |    12 ||    32
       Steam dragon scal |       |       |       |     7 ||     7
Dodge: Dodged            |     3 |    11 |    40 |    48 ||   102
